TOP OF THE 1ST |
Miami Beach Marlins batting - Pitching for Madison Brewers : RHP Mark Frizzell
|
Pitching: RHP Mark Frizzell
|
|
Batting: RHB Hikaru Nakata
|
0-0: Foul Ball, location: 2F 0-1: Foul Ball, location: 2F 0-2: Ball 1-2: Foul Ball, location: 2F 1-2: Ground out 4-3 (Groundball, 4S, EV 86.9 MPH)
|
Batting: RHB Melvin Nava
|
0-0: Called Strike 0-1: Swinging Strike 0-2: Foul Ball, location: 2F 0-2: Hit by Pitch
|
Batting: RHB Scott Talbot
|
0-0: Swinging Strike 0-1: Ball 1-1: Foul Ball, location: 2F 1-2: Foul Ball, location: 2F 1-2: Strikes out looking
|
Batting: RHB Clark Meagher
|
0-0: Called Strike 0-1: Called Strike 0-2: Ball 1-2: Ball 2-2: Ball 3-2: Foul Ball, location: 2F 3-2: Strikes out swinging
|
Top of the 1st over - 0 runs, 0 hits, 0 errors, 1 left on base; Miami Beach 0 - Madison 0 |
BOTTOM OF THE 1ST |
Madison Brewers batting - Pitching for Miami Beach Marlins : RHP Ivan Baltodano
|
Pitching: RHP Ivan Baltodano
|
|
Batting: LHB Andy Buschlen
|
0-0: Called Strike 0-1: Ball 1-1: Foul Ball, location: 2F 1-2: Ball 2-2: Ground out 1-3 (Groundball, 13S, EV 66.2 MPH)
|
Batting: RHB Lorenzo Diaz
|
0-0: Fly out, F8 (Flyball, 8LS, EV 91.9 MPH)
|
Batting: LHB Bill Kovac
|
0-0: Ball 1-0: Called Strike 1-1: Fly out, F7 (Line Drive, 7S, EV 90.0 MPH)
|
Bottom of the 1st over - 0 runs, 0 hits, 0 errors, 0 left on base; Miami Beach 0 - Madison 0 |
TOP OF THE 2ND |
Miami Beach Marlins batting - Pitching for Madison Brewers : RHP Mark Frizzell
|
Batting: RHB Orlando Melendres
|
0-0: Ball 1-0: Called Strike 1-1: Ball 2-1: Swinging Strike 2-2: Ball 3-2: Strikes out swinging
|
Batting: SHB Emmet Brickowski
|
0-0: Called Strike 0-1: Ball 1-1: DOUBLE (Groundball, 5L, EV 101.2 MPH)
|
Batting: RHB Kazumi Inouye
|
0-0: Swinging Strike 0-1: Ball 1-1: Foul Ball, location: 2F 1-2: Ball 2-2: Ball 3-2: Foul Ball, location: 2F 3-2: Foul Ball, location: 2F 3-2: Strikes out swinging
|
Batting: RHB Jim Smallwood
|
0-0: Ball 1-0: Ball 2-0: Ball 3-0: Called Strike 3-1: Swinging Strike 3-2: Strikes out looking
|
Top of the 2nd over - 0 runs, 1 hit, 0 errors, 1 left on base; Miami Beach 0 - Madison 0 |
BOTTOM OF THE 2ND |
Madison Brewers batting - Pitching for Miami Beach Marlins : RHP Ivan Baltodano
|
Batting: LHB Fumito Sakurai
|
0-0: Ball 1-0: Foul Ball, location: 2F 1-1: Foul Ball, location: 2F 1-2: Strikes out swinging
|
Batting: LHB Tony Hasbun
|
0-0: Foul Ball, location: 2F 0-1: Ball 1-1: Ball 2-1: Foul Ball, location: 2F 2-2: Ball 3-2: Fly out, F7 (Line Drive, 78S, EV 98.1 MPH)
|
Batting: RHB Frank Pena
|
0-0: Ball 1-0: Foul Ball, location: 2F 1-1: Foul Ball, location: 2F 1-2: Ball 2-2: Foul Ball, location: 2F 2-2: Foul Ball, location: 2F 2-2: Ball 3-2: SINGLE (Line Drive, 4MD, EV 98.1 MPH)
|
Batting: RHB Mario Lopez
|
0-0: Called Strike 0-1: Hit by Pitch Frank Pena to second
|
Batting: RHB Xiao-shuang Au
|
0-0: Called Strike 0-1: Called Strike 0-2: Foul Ball, location: 2F 0-2: 3-RUN HOME RUN (Line Drive, 8RXD, EV 117.5 MPH), Distance : 464 ft
|
Batting: RHB Malcolm McCauley
|
0-0: Ball 1-0: Foul Ball, location: 2F 1-1: Foul Ball, location: 2F 1-2: Foul Ball, location: 2F 1-2: Ball 2-2: Ball 3-2: Fly out, F8 (Flyball, 8RM, EV 83.8 MPH)
|
Bottom of the 2nd over - 3 runs, 2 hits, 0 errors, 0 left on base; Miami Beach 0 - Madison 3 |
TOP OF THE 3RD |
Miami Beach Marlins batting - Pitching for Madison Brewers : RHP Mark Frizzell
|
Batting: LHB Henry Huezo
|
0-0: Called Strike 0-1: Ball 1-1: Called Strike 1-2: Strikes out swinging
|
Batting: RHB Hikaru Nakata
|
0-0: Ball 1-0: Ball 2-0: SINGLE (Line Drive, 3D, EV 98.1 MPH)
|
Batting: RHB Melvin Nava
|
0-0: Ball 1-0: Ball 2-0: Called Strike 2-1: Ball 3-1: Base on Balls Hikaru Nakata to second
|
Batting: RHB Scott Talbot
|
0-0: Ball 1-0: Foul Ball, location: 2F 1-1: Foul Ball, location: 2F 1-2: Foul Ball, location: 2F 1-2: Foul Ball, location: 2F 1-2: Strikes out swinging
|
Batting: RHB Clark Meagher
|
0-0: Ball 1-0: Ball 2-0: Ball 3-0: Called Strike 3-1: Base on Balls Hikaru Nakata to third Melvin Nava to second
|
Batting: RHB Orlando Melendres
|
0-0: Called Strike 0-1: Foul Ball, location: 2F 0-2: Ball 1-2: Strikes out swinging
|
Top of the 3rd over - 0 runs, 1 hit, 0 errors, 3 left on base; Miami Beach 0 - Madison 3 |
BOTTOM OF THE 3RD |
Madison Brewers batting - Pitching for Miami Beach Marlins : RHP Ivan Baltodano
|
Batting: LHB Andy Buschlen
|
0-0: Ball 1-0: Called Strike 1-1: Ball 2-1: SINGLE (Line Drive, 8LS, EV 90.0 MPH)
|
Batting: RHB Lorenzo Diaz
|
0-0: Fly out, F7 (Flyball, 7, EV 74.4 MPH)
|
Batting: LHB Bill Kovac
|
0-0: Called Strike 0-1: Foul Ball, location: 2F 0-2: Strikes out swinging
|
Batting: LHB Fumito Sakurai
|
0-0: Called Strike 0-1: Foul Ball, location: 2F 0-2: SINGLE (Groundball, 56S, EV 63.1 MPH) (infield hit) Andy Buschlen to second
|
Batting: LHB Tony Hasbun
|
0-0: Ball 1-0: Ground out 1-3 (Groundball, 13S, EV 71.2 MPH)
|
Bottom of the 3rd over - 0 runs, 2 hits, 0 errors, 2 left on base; Miami Beach 0 - Madison 3 |
TOP OF THE 4TH |
Miami Beach Marlins batting - Pitching for Madison Brewers : RHP Mark Frizzell
|
Batting: SHB Emmet Brickowski
|
0-0: Called Strike 0-1: Ball 1-1: Foul Ball, location: 2F 1-2: Strikes out swinging
|
Batting: RHB Kazumi Inouye
|
0-0: Ball 1-0: Swinging Strike 1-1: Called Strike 1-2: Ground out 4-3 (Groundball, 4, EV 85.0 MPH)
|
Batting: RHB Jim Smallwood
|
0-0: Ball 1-0: Foul Ball, location: 2F 1-1: Foul Ball, location: 2F 1-2: Foul Ball, location: 2F 1-2: Foul Ball, location: 2F 1-2: Foul Ball, location: 2F 1-2: Strikes out swinging
|
Top of the 4th over - 0 runs, 0 hits, 0 errors, 0 left on base; Miami Beach 0 - Madison 3 |
BOTTOM OF THE 4TH |
Madison Brewers batting - Pitching for Miami Beach Marlins : RHP Ivan Baltodano
|
Batting: RHB Frank Pena
|
0-0: Foul Ball, location: 2F 0-1: Ball 1-1: Ball 2-1: Foul Ball, location: 2F 2-2: Foul Ball, location: 2F 2-2: Ball 3-2: Ground out 6-3 (Groundball, 56, EV 78.8 MPH)
|
Batting: RHB Mario Lopez
|
0-0: Swinging Strike 0-1: Ball 1-1: Foul Ball, location: 2F 1-2: Strikes out swinging
|
Batting: RHB Xiao-shuang Au
|
0-0: Ball 1-0: Called Strike 1-1: Foul Ball, location: 2F 1-2: Ball 2-2: Ball 3-2: Foul Ball, location: 2F 3-2: Base on Balls
|
Batting: RHB Malcolm McCauley
|
0-0: Swinging Strike 0-1: Fielders Choice at 2nd, 6-4 (Groundball, 6, EV 92.5 MPH)
|
Bottom of the 4th over - 0 runs, 0 hits, 0 errors, 1 left on base; Miami Beach 0 - Madison 3 |
TOP OF THE 5TH |
Miami Beach Marlins batting - Pitching for Madison Brewers : RHP Mark Frizzell
|
Pitching: RHP Tristan Smeets
|
|
Batting: LHB Henry Huezo
|
0-0: Ball 1-0: Foul Ball, location: 2F 1-1: Ball 2-1: Ball 3-1: Called Strike 3-2: Base on Balls
|
Batting: RHB Hikaru Nakata
|
0-0: Ball Henry Huezo is caught stealing 2nd base 2-4 1-0: Called Strike 1-1: Foul Ball, location: 2F 1-2: Foul Ball, location: 2F 1-2: Foul Ball, location: 2F 1-2: Ball 2-2: Strikes out swinging
|
Batting: RHB Melvin Nava
|
0-0: Called Strike 0-1: DOUBLE (Flyball, 89D, EV 96.9 MPH)
|
Batting: RHB Scott Talbot
|
0-0: Foul Ball, location: 2F 0-1: Foul Ball, location: 2F 0-2: Ball 1-2: Ball 2-2: SINGLE (Groundball, 34D, EV 95.6 MPH) Melvin Nava to third
|
Batting: RHB Clark Meagher
|
0-0: Called Strike 0-1: Swinging Strike 0-2: Strikes out swinging
|
Top of the 5th over - 0 runs, 2 hits, 0 errors, 2 left on base; Miami Beach 0 - Madison 3 |
BOTTOM OF THE 5TH |
Madison Brewers batting - Pitching for Miami Beach Marlins : RHP Ivan Baltodano
|
Batting: LHB Andy Buschlen
|
0-0: Ball 1-0: SINGLE (Flyball, 6D, EV 96.9 MPH)
|
Batting: RHB Lorenzo Diaz
|
0-0: Swinging Strike 0-1: SINGLE (Groundball, 4D, EV 103.8 MPH) Andy Buschlen to second Runner from 2nd tries for 3rd, SAFE, no throw by RF
|
Batting: LHB Bill Kovac
|
0-0: Called Strike 0-1: Ball 1-1: Fielders Choice at 2nd, 6-4 (Groundball, 6, EV 86.9 MPH) Andy Buschlen scores
|
Batting: LHB Fumito Sakurai
|
0-0: Called Strike 0-1: Ball 1-1: DOUBLE (Line Drive, 7LS, EV 102.5 MPH) Bill Kovac to third
|
Batting: LHB Tony Hasbun
|
0-0: Ball 1-0: Called Strike 1-1: Swinging Strike 1-2: Ball 2-2: Foul Ball, location: 2F 2-2: Foul Ball, location: 2F 2-2: Foul Ball, location: 2F 2-2: Ball 3-2: Foul Ball, location: 2F 3-2: Strikes out looking
|
Batting: RHB Frank Pena
|
0-0: Ground out 6-3 (Groundball, 6, EV 81.2 MPH)
|
Bottom of the 5th over - 1 run, 3 hits, 0 errors, 2 left on base; Miami Beach 0 - Madison 4 |
TOP OF THE 6TH |
Miami Beach Marlins batting - Pitching for Madison Brewers : RHP Tristan Smeets
|
Batting: RHB Orlando Melendres
|
0-0: Fly out, F9 (Flyball, 89S, EV 78.8 MPH)
|
Batting: SHB Emmet Brickowski
|
0-0: Called Strike 0-1: Ball 1-1: Fly out, F8 (Flyball, 78D, EV 86.2 MPH)
|
Batting: RHB Kazumi Inouye
|
0-0: Called Strike 0-1: Ball 1-1: Ground out 6-3 (Groundball, 6M, EV 81.2 MPH)
|
Top of the 6th over - 0 runs, 0 hits, 0 errors, 0 left on base; Miami Beach 0 - Madison 4 |
BOTTOM OF THE 6TH |
Madison Brewers batting - Pitching for Miami Beach Marlins : RHP Ivan Baltodano
|
Batting: RHB Mario Lopez
|
0-0: Ball 1-0: Foul Ball, location: 2F 1-1: Ball 2-1: Called Strike 2-2: Ball 3-2: Strikes out swinging
|
Batting: RHB Xiao-shuang Au
|
0-0: Called Strike 0-1: Ball 1-1: Ball 2-1: Ground out 4-3 (Groundball, 4, EV 83.1 MPH)
|
Batting: RHB Malcolm McCauley
|
0-0: Ball 1-0: Ground out 6-3 (Groundball, 6, EV 86.9 MPH)
|
Bottom of the 6th over - 0 runs, 0 hits, 0 errors, 0 left on base; Miami Beach 0 - Madison 4 |
TOP OF THE 7TH |
Miami Beach Marlins batting - Pitching for Madison Brewers : RHP Tristan Smeets
|
Batting: RHB Jim Smallwood
|
0-0: Ball 1-0: Ball 2-0: Called Strike 2-1: Fly out, F6 (Line Drive, 6, EV 68.8 MPH)
|
Batting: LHB Henry Huezo
|
0-0: Ball 1-0: Foul Ball, location: 2F 1-1: Swinging Strike 1-2: Foul Ball, location: 2F 1-2: Fly out, F8 (Flyball, 8RXD, EV 99.4 MPH)
|
Batting: RHB Hikaru Nakata
|
0-0: Ball 1-0: Foul Ball, location: 2F 1-1: Ball 2-1: Foul Ball, location: 2F 2-2: Foul Ball, location: 2F 2-2: Ball 3-2: Strikes out swinging
|
Top of the 7th over - 0 runs, 0 hits, 0 errors, 0 left on base; Miami Beach 0 - Madison 4 |
BOTTOM OF THE 7TH |
Madison Brewers batting - Pitching for Miami Beach Marlins : RHP Ivan Baltodano
|
Pitching: RHP Bill Padgett
|
|
Batting: LHB Andy Buschlen
|
0-0: Ball 1-0: Ground out 4-3 (Groundball, 4, EV 85.0 MPH)
|
Batting: RHB Lorenzo Diaz
|
0-0: Called Strike 0-1: Ball 1-1: Swinging Strike 1-2: Ball 2-2: Foul Ball, location: 2F 2-2: Ball 3-2: Strikes out swinging
|
Batting: LHB Bill Kovac
|
0-0: Called Strike 0-1: Foul Ball, location: 2F 0-2: Strikes out swinging
|
Bottom of the 7th over - 0 runs, 0 hits, 0 errors, 0 left on base; Miami Beach 0 - Madison 4 |
TOP OF THE 8TH |
Miami Beach Marlins batting - Pitching for Madison Brewers : RHP Tristan Smeets
|
Batting: RHB Melvin Nava
|
0-0: Called Strike 0-1: Ball 1-1: SINGLE (Groundball, 4MS, EV 63.8 MPH) (infield hit)
|
Pinch Runner at 1st Troy Bush:
|
|
Batting: RHB Scott Talbot
|
0-0: Ball 1-0: Ball 2-0: Called Strike 2-1: Foul Ball, location: 2F 2-2: Fly out, F8 (Flyball, 8LXD, EV 94.4 MPH)
|
Batting: RHB Clark Meagher
|
0-0: Ball 1-0: Called Strike 1-1: Ball 2-1: Foul Ball, location: 2F 2-2: Fly out, F7 (Flyball, 7S, EV 83.1 MPH)
|
Batting: RHB Orlando Melendres
|
0-0: Ball 1-0: Swinging Strike 1-1: Called Strike 1-2: Foul Ball, location: 2F 1-2: Strikes out looking
|
Top of the 8th over - 0 runs, 1 hit, 0 errors, 1 left on base; Miami Beach 0 - Madison 4 |
BOTTOM OF THE 8TH |
Madison Brewers batting - Pitching for Miami Beach Marlins : RHP Bill Padgett
|
Now at 1B: Troy Bush
|
|
Batting: LHB Fumito Sakurai
|
0-0: Foul Ball, location: 2F 0-1: Swinging Strike 0-2: Strikes out swinging, 2-3 out at first.
|
Batting: LHB Tony Hasbun
|
0-0: Ball 1-0: Ball 2-0: Fly out, F7 (Flyball, 7D, EV 99.4 MPH)
|
Batting: RHB Frank Pena
|
0-0: Foul Ball, location: 2F 0-1: Swinging Strike 0-2: Ball 1-2: Strikes out swinging
|
Bottom of the 8th over - 0 runs, 0 hits, 0 errors, 0 left on base; Miami Beach 0 - Madison 4 |
TOP OF THE 9TH |
Miami Beach Marlins batting - Pitching for Madison Brewers : RHP Tristan Smeets
|
Pitching: RHP Antonio Ballesteros
|
|
Batting: SHB Emmet Brickowski
|
0-0: Ball 1-0: Called Strike 1-1: Ball 2-1: Foul Ball, location: 2F 2-2: Strikes out swinging
|
Batting: RHB Kazumi Inouye
|
0-0: Swinging Strike 0-1: Ball 1-1: Ball 2-1: Foul Ball, location: 2F 2-2: Strikes out swinging
|
Pinch Hitting: RHB Mario Cota
|
0-0: Foul Ball, location: 2F 0-1: Ball 1-1: Foul Ball, location: 2F 1-2: Strikes out swinging
|
Top of the 9th over - 0 runs, 0 hits, 0 errors, 0 left on base; Miami Beach 0 - Madison 4 |
|